 Dungeon Crawl Stone Soup version 0.28.0-47-ge53b351184 (webtiles) character file.

Game seed: 13485268789196993012

130 pkoi the Insei (level 4, -6/36 HPs)
             Began as a Demigod Gladiator on Apr 26, 2022.
             Mangled by an ogre
             ... wielding a +0 giant club
              (22 damage)
             ... on level 3 of the Dungeon.
             The game lasted 00:05:46 (3880 turns).

pkoi the Insei (Demigod Gladiator)                  Turns: 3880, Time: 00:05:46

Health: -6/36      AC:  6    Str: 15    XL:     4   Next: 59%
Magic:  6/6        EV: 12    Int: 17    God:
Gold:   106        SH:  0    Dex: 15    Spells: 3/3 levels left

rFire   . . .      SeeInvis .     - Unarmed
rCold   . . .      Faith    .   (no shield)
rNeg    + . .      Spirit   .   o - +3 robe of Least Resistance {rN+ Int+3 Stlth+}
rPois   +          Reflect  .   b - +0 helmet
rElec   .          Harm     .   (no cloak)
rCorr   .          Rampage  .   (no gloves)
Will    .....                   (no boots)
Stlth   ++........              (no amulet)
HPRegen 0.12/turn               j - ring of poison resistance
MPRegen 0.10/turn               (no ring)

@: slowed, very slow
A: high MP 1, forlorn, divine attributes
a: no special abilities


You were on level 3 of the Dungeon.
You visited 1 branch of the dungeon, and saw 3 of its levels.

You collected 106 gold pieces.

Inventory:

Hand Weapons
 e - a +0 short sword
 g - a +0 short sword of holy wrath
Missiles
 c - 2 throwing nets
 d - 2 poisoned darts (quivered)
Armour
 a - a +0 leather armour
 b - a +0 helmet (worn)
 i - a +0 chain mail
 o - the +3 robe of Least Resistance (worn) {rN+ Int+3 Stlth+}
   (You found it on level 2 of the Dungeon)

   Int:       It affects your intelligence (+3).
   rN:        It protects you from negative energy.
   Stlth:     It makes you more stealthy.
Jewellery
 j - a ring of poison resistance (left hand)
Scrolls
 k - 3 scrolls of holy word
 p - 4 scrolls of magic mapping
Potions
 f - a potion of lignification
 h - a potion of mutation {unknown}
 m - 3 potions of curing {unknown}
 n - 2 potions of heal wounds


   Skills:
 - Level 1.7 Fighting
 - Level 1.7 Throwing
 - Level 2.6 Dodging
 + Level 5.1 Unarmed Combat


You had 3 spell levels left.
You didn't know any spells.
Your spell library was empty.

Dungeon Overview and Level Annotations

Branches:
Dungeon (3/15)

Annotations:
D:3 Robin


Innate Abilities, Weirdness & Mutations

You have an increased reservoir of magic. (+10% MP)
You shall have no god before yourself.
Your divine heritage dramatically boosts your attributes as you level up.


Message History

Jessica points at you and mumbles some strange words.
You feel as though you will be slow longer.
Jessica seems less brilliant.
Jessica closely misses you.
You barely miss Jessica.
Jessica is severely wounded.
Jessica casts a spell at you. You resist with some effort.
Jessica hits you with a +0 dagger.
* * * LOW HITPOINT WARNING * * *
You closely miss Jessica.
Jessica is severely wounded.
Jessica barely misses you.
You hit Jessica.
You kill Jessica!
Your Unarmed Combat skill increases to level 5!
Things that are here:
a +0 dagger; a +0 robe You start resting.
An ogre is nearby!
Throw: 5 darts (poison)
Press: ? - help, Q - select action, (/) - cycle Shift-Dir - straight line, f - ogre
Aim: an ogre, wielding a +0 giant club (wandering, hasn't noticed you, 73% to hit)
You throw a poisoned dart. The poisoned dart hits the ogre.
The ogre is poisoned.
The ogre shouts!
Throw: 4 darts (poison)
Press: ? - help, Q - select action, (/) - cycle Shift-Dir - straight line, f/p - ogre
Aim: an ogre, wielding a +0 giant club (poisoned, 73% to hit)
You throw a poisoned dart. The poisoned dart hits the ogre.
The ogre looks even sicker.
Unknown command.
Throw: 3 darts (poison)
Press: ? - help, Q - select action, (/) - cycle Shift-Dir - straight line, f/p - ogre
Aim: an ogre, wielding a +0 giant club (very poisoned, 73% to hit)
You throw a poisoned dart. The poisoned dart hits the ogre.
Unknown command.
You hit the ogre.
The ogre is lightly wounded.
The ogre hits you with a +0 giant club!!
Ouch! That really hurt!
You die...

.##†...†#††..###...##..#.......#?
##.##..###..(.............._.....
.(.##### ###...........#.....(.#.
#(,#..######...........#.......#.
##*#................#..##.....##.
################.##.####.####.
#.##...........
######..#...........
#..@O(.((...###.#+##
#...........# #.#.# #....)......#
#.#.## #...........# #.....
#..........O###.....
#########..#........ ##.#........
#.#........ ####..........


You could see an ogre (very poisoned).

Vanquished Creatures
  Jessica (D:3)
  An adder (D:3)
  2 gnolls (D:2)
  A worm (D:2)
  2 dart slugs
  4 ball pythons
  3 endoplasms
  4 giant cockroaches
  7 hobgoblins
  4 quokkas
  6 bats
  3 frilled lizards
  7 goblins
  4 kobolds (D:1)
  25 rats
74 creatures vanquished.

Vanquished Creatures (others)
  A plant (D:1)
1 creature vanquished.

Grand Total: 75 creatures vanquished

Notes
Turn   | Place    | Note
-------+----------+-------------------------------------------
     0 | D:1      | pkoi the Demigod Gladiator began the quest for the Orb.
     0 | D:1      | Reached XP level 1. HP: 17/17 MP: 3/3
   117 | D:1      | Reached skill level 3 in Unarmed Combat
   407 | D:1      | Reached XP level 2. HP: 24/24 MP: 4/4
  1560 | D:2      | Reached XP level 3. HP: 24/29 MP: 5/5
  1626 | D:2      | Identified the +3 robe of Least Resistance {rN+ Int+3
                  | Stlth+}
  1661 | D:2      | Reached skill level 4 in Unarmed Combat
  2966 | D:3      | Noticed an ogre
  2978 | D:3      | Noticed Jessica
  2991 | D:3      | Noticed Robin
  3132 | D:2      | Reached XP level 4. HP: 7/36 MP: 6/6
  3868 | D:3      | Killed Jessica
  3869 | D:3      | Reached skill level 5 in Unarmed Combat
  3880 | D:3      | Mangled by an ogre

Illustrated notes

Levels and vault maps discovered:
D:1:      eino_arrival_cavern_d, layout_loops_ring,
          shapermc_ecumenical_altar_acropolis, st_stairs_9, minmay_tromino_v4_a
D:2:      layout_basic
D:3:      layout_basic, old_standard_altar, minmay_rat_hole, uniq_robin,
          uniq_jessica

Skill      XL: |  1  2  3  4 |
---------------+-------------+-----
Unarmed Combat | 3 4 5 |  5.1
Fighting       | |  1.7
Throwing       | |  1.7
Dodging        | |  2.6

Action                   |  1- 3 |  4- 6 || total
-------------------------+-------+-------++-------
Melee: Short sword       |   122 |       ||   122
       Unarmed           |    87 |    58 ||   145
       Punch             |     4 |     2 ||     6
Throw: Throwing net      |     3 |       ||     3
       Dart              |       |     3 ||     3
  Use: Scroll            |     7 |       ||     7
 Stab: Sleeping          |     3 |     3 ||     6
Armor: Leather armour    |    22 |       ||    22
       Chain mail        |    47 |       ||    47
       Robe              |    41 |    15 ||    56
Dodge: Dodged            |   124 |    32 ||   156
